 Dungeon Crawl Stone Soup version 0.22-a0-136-g83a10e5 (webtiles) character file.

4 4thArraOfDagon the Grave Robber (level 1, 0/13 HPs)
             Began as a Formicid Necromancer on Feb 4, 2018.
             Slain by a hobgoblin
             ... wielding a +0 club
              (6 damage)
             ... on level 1 of the Dungeon.
             The game lasted 00:01:14 (217 turns).

4thArraOfDagon the Grave Robber (FoNe)               Turns: 217, Time: 00:01:15

Health: 0/13       AC:  2    Str: 12    XL:     1   Next: 77%
Magic:  0/3        EV:  7    Int: 14    God:
Gold:   43         SH: 10    Dex: 11    Spells: 3/4 levels left

rFire    . . .     SeeInvis +   (no weapon)
rCold    . . .     Gourm    .   h - +0 large shield (curse)
rNeg     . . .     Faith    .   a - +0 robe
rPois    .         Spirit   .   (helmet unavailable)
rElec    .         Reflect  .   (no cloak)
rCorr    .         Harm     .   (no gloves)
MR       .....                  (no boots)
Stlth    ++........             (no amulet)
HPRegen  0.04/turn              (no ring)
MPRegen  0.08/turn              (no ring)

@: very slightly contaminated
A: permanent stasis, dig shafts and tunnels, four strong arms, antennae 3
a: Dig, Shaft Self


You were on level 1 of the Dungeon.
You were not hungry.

You visited 1 branch of the dungeon, and saw 2 of its levels.

You collected 43 gold pieces.

Inventory:

Missiles
 j - 3 tomahawks (quivered)
Armour
 a - a +0 robe (worn)
 h - a cursed +0 large shield (worn)
Scrolls
 d - a scroll of identify {unknown}
 e - a scroll of fog {unknown}
 g - a scroll of remove curse {unknown}
 i - a scroll of magic mapping {unknown}
Potions
 f - a potion of flight {unknown}
Books
 b - a book of Necromancy

   Spells                             Type                      Level
   a - Pain                           Necromancy                   1
   b - Animate Skeleton               Necromancy                   1
   c - Vampiric Draining              Necromancy                   3
   d - Regeneration                   Charms/Necromancy            3
   e - Animate Dead                   Necromancy                   4
Comestibles
 c - 3 rations


   Skills:
 - Level 1.7 Dodging
 - Level 2.4 Stealth
 + Level 0.0 Shields
 - Level 2.1 Spellcasting
 * Level 4.2 Necromancy


You had 3 spell levels left.
You knew the following spells:

 Your Spells              Type           Power        Failure   Level  Hunger
a - Pain                  Necr           ##..         69%         1    #......


Dungeon Overview and Level Annotations

Branches:
Dungeon (2/15)

Altars:


Innate Abilities, Weirdness & Mutations

You cannot be hasted, slowed, berserked, paralysed or teleported.
You can dig through walls and to a lower floor.
Your four strong arms can wield two-handed weapons with a shield.
You have a pair of large antennae on your head. (SInv)


Message History

Aim: a hobgoblin, wielding a club (lightly wounded, chance to defeat MR: 83%)
You miscast Pain.
You are very lightly contaminated with residual magic.
Pain shoots through your body.
Casting: Pain (safe; 69% risk of failure)
Confirm with . or Enter, or press ? or * to list all spells.
Aiming: Pain (safe; 69% risk of failure)
Press: ? - help, Shift-Dir - straight line, f/p - hobgoblin
Aim: a hobgoblin, wielding a club (lightly wounded, chance to defeat MR: 83%)
You miscast Pain.
Nothing appears to happen.
You block the hobgoblin's attack.
Casting: Pain (safe; 69% risk of failure)
Confirm with . or Enter, or press ? or * to list all spells.
Aiming: Pain (safe; 69% risk of failure)
Press: ? - help, Shift-Dir - straight line, f/p - hobgoblin
Aim: a hobgoblin, wielding a club (lightly wounded, chance to defeat MR: 83%)
You miscast Pain.
You sense a malignant aura.
You block the hobgoblin's attack.
You hit the hobgoblin but do no damage.
The hobgoblin is lightly wounded.
The hobgoblin hits you with a club.
You die...

##.#####.##
###...#...#.#.
.....##.#.##
.......#####.#.
......'###.## .###.#...
..#. .......####.## .#
#.##.#. .##.
........####.#####.###..
.. .........#
##.##........ .........#
##.#........ ..<......#
##......... .........#
##@g.(.... .........#
#........ ........##
###.##### .......## .#
......## # .....##
#...## ##.#'# ##.#(#


You could see a hobgoblin.

Vanquished Creatures
  2 bats
  3 kobolds
  A rat (D:2)
6 creatures vanquished.

Notes
Turn   | Place    | Note
-------+----------+-------------------------------------------
     0 | D:1      | 4thArraOfDagon the Formicid Necromancer began the quest for the Orb.
     0 | D:1      | Reached XP level 1. HP: 13/13 MP: 3/3
    38 | D:1      | wazuzu: słychałeś co tam Morawiecki mowi o hole kosztów?
   217 | D:1      | Slain by a hobgoblin

Vault maps used:
D:1:      lemuel_arrival_rhombus

Action                   || total
-------------------------++-------
Melee: Unarmed           ||    10
Throw: Tomahawk          ||     1
 Cast: Pain              ||     9
 Abil: Dig               ||     2
Armor: Robe              ||     3
Dodge: Dodged            ||     5
Block: Large shield      ||     4

Table legend:
 A = Spawn XP
 B = Non-spawn XP
 C = Spawn XP percentage of total XP
 D = Spawn monster count
 E = Non-spawn monster count
 F = Spawn count percentage of total count
 G = Total turns spent on level
                    A         B        C        D         E        F      G
               +---------+---------+-------+---------+---------+-------+---------
         Total |       0 |       7 |   0.0 |       0 |       6 |   0.0 |   217
               +---------+---------+-------+---------+---------+-------+---------
           D:1 |       0 |       3 |   0.0 |       0 |       3 |   0.0 |   148
           D:2 |       0 |       4 |   0.0 |       0 |       3 |   0.0 |    69
               +---------+---------+-------+---------+---------+-------+---------
